 Dungeon Crawl Stone Soup version 0.26.0-16-gc1dbca0489 (webtiles) character file.

Game seed: 1617026332683861064

2417 Descartes the Arsonist (level 9, -2/40 (45) HPs)
             Began as a Deep Elf Fire Elementalist on Jan 20, 2021.
             Was an Initiate of Vehumet.
             Killed from afar by an orc sorcerer (28 damage)
             ... with a bolt of fire
             ... on level 8 of the Dungeon.
             The game lasted 00:23:42 (10384 turns).

Descartes the Arsonist (DEFE)                      Turns: 10384, Time: 00:23:43

HP:   -2/40 (45)    AC:  5    Str:  5    XL:     9   Next: 24%
MP:   9/18          EV: 19    Int: 24    God:    Vehumet [......]
Gold: 387           SH:  5    Dex: 15    Spells: 1/18 levels left

rFire    . . .     SeeInvis .   R - +3 long sword
rCold    . . .     Faith    .   J - +0 buckler
rNeg     . . .     Spirit   .   a - +0 robe
rPois    +         Reflect  .   u - +0 helmet
rElec    .         Harm     .   K - scarf {+Inv}
rCorr    .         Rampage  .   (no gloves)
Will     .....                  G - +1 pair of boots
Stlth    +++.......             (no amulet)
HPRegen  0.13/turn              h - +4 ring of evasion
MPRegen  0.16/turn              N - ring of poison resistance

@: heavily drained
A: no striking features
a: Renounce Religion, Evoke Invisibility


You were on level 8 of the Dungeon.
You worshipped Vehumet.
Vehumet was noncommittal.
You visited 2 branches of the dungeon, and saw 9 of its levels.

You collected 431 gold pieces.
You spent 44 gold pieces at shops.

Inventory:

Hand Weapons
 x - a +1 dagger of venom
 R - a +3 long sword (weapon)
Missiles
 d - 7 javelins
 k - 14 boomerangs
 n - 54 poisoned darts
 o - 263 stones
 t - 51 bolts
 v - 101 arrows
 A - 48 sling bullets
 H - a throwing net
Armour
 a - a +0 robe (worn)
 p - a +0 leather armour
 u - a +0 helmet (worn)
 D - a +2 chain mail of poison resistance
 G - a +1 pair of boots (worn)
 J - a +0 buckler (worn)
 K - a scarf of invisibility (worn)
 L - the +0 kite shield of Love and Death {*Slow rElec Will- Str+8}
   (You found it on level 5 of the Dungeon)

   It affects your strength (+8).
   It insulates you from electricity.
   It affects your willpower, your defense against some magical effects.
   It may slow you when you take damage.
Jewellery
 h - a +4 ring of evasion (left hand)
 w - a +6 ring of dexterity
 y - an uncursed ring of resist corrosion
 F - an uncursed ring of protection from fire
 N - a ring of poison resistance (right hand)
 P - a +6 ring of dexterity
Wands
 C - a wand of iceblast (20)
 I - a wand of digging (6)
Scrolls
 g - a scroll of remove curse
 j - 2 scrolls of enchant weapon {unknown}
 l - a scroll of vulnerability {unknown}
 m - 6 scrolls of teleportation
 q - 2 scrolls of amnesia {unknown}
 s - 2 scrolls of blinking {unknown}
 z - 2 scrolls of enchant armour {unknown}
 E - 4 scrolls of magic mapping
 M - a scroll of summoning {unknown}
 O - 3 scrolls of acquirement {unknown}
 Q - 3 scrolls of identify
Potions
 b - a potion of heal wounds
 c - 3 potions of haste
 e - a potion of brilliance {unknown}
 f - 3 potions of lignification
 i - 4 potions of attraction
 r - 2 potions of curing
 B - 2 potions of degeneration {unknown}


   Skills:
 - Level 5.0 Dodging
 - Level 5.0 Stealth
 * Level 3.9 Shields
 - Level 5.0 Spellcasting
 * Level 7.5 Conjurations
 * Level 8.3 Fire Magic


You had one spell level left.
You knew the following spells:

 Your Spells              Type           Power        Failure   Level
a - Foxfire               Conj/Fire      100%         1%          1
b - Conjure Flame         Conj/Fire      44%          1%          3
c - Inner Flame           Hex/Fire       26%          4%          3
d - Sticky Flame          Conj/Fire      44%          3%          4
e - Fireball              Conj/Fire      22%          10%         5
f - Apportation           Tloc           12%          9%          1

Your spell library contained the following spells:

 Spells                   Type           Power        Failure   Level
 Animate Skeleton         Necr           12%          9%          1
 Corona                   Hex            6%           9%          1
 Summon Small Mammal      Summ           24%          9%          1


Dungeon Overview and Level Annotations

Branches:
Dungeon (8/15)             Temple (1/1) D:6
   Lair: D:8-11

Altars:
Ashenzari
Cheibriados
Dithmenos
Elyvilon
Fedhas
Gozag
Hepliaklqana
Kikubaaqudgha
Makhleb
Nemelex Xobeh
Okawaru
Qazlal
Ru
Sif Muna
Trog
Uskayaw
Vehumet
Wu Jian
Xom
Yredelemnul
Zin
The Shining One

Shops:
D:7 *

Annotations:
D:4 3 runed translucent doors, einarkeyser's ghost, amateur OgWz
D:5 2 transporters, akumoriri's ghost, novice GnFi


Message History

* * * LOW HITPOINT WARNING * * *
The bolt of negative energy hits the plant.
The plant completely resists.
You feel much better.
The foxfire hits the orc sorcerer but does no damage.
The orc sorcerer is moderately wounded.
The orc sorcerer hits you with a +0 dagger.
The foxfire hits the orc sorcerer.
The orc sorcerer is heavily wounded.
Casting: Foxfire (safe; 1% risk of failure)
Confirm with . or Enter, or press ? or * to list all spells.
You conjure some foxfire!
You block the orc sorcerer's attack.
The foxfire hits the orc sorcerer.
The orc sorcerer is severely wounded.
The foxfire hits the orc sorcerer but does no damage.
The orc sorcerer is severely wounded.
The orc sorcerer gestures at you while chanting.
The bolt of fire hits you!!
Ouch! That really hurt!
You die...

##..#..#..##..#..####+#
...##..#....#.##...##.########
.#####...#########............
## ###...####.♣###...###### .#
##.###.##....♣###...### #.#
##.##.##.#.♣....♣###...####.#
#.##:[[##..o.P....♣###...##.#
### #)..##♣.._P......##.##.#
#:)|##.#§@P....♣###...##.# ##.
##♣....♣###...####†# #
...♣###...#....... ##
#.♣###....##.####.# .###
####.......#.# #.# ...##
##....#.##.#.## #.# ....#
#.....#.......# #.# #...##
##...#.#..#.#..# #.# ##)..#
#..#......#.#..# #.#


You could see an orc sorcerer.

Vanquished Creatures
  A redback (D:8)
  A water moccasin (D:8)
  2 necrophages
  3 phantoms
  4 ogres
  A centaur (D:6)
  A bullfrog (D:6)
  A scorpion (D:4)
  6 wights (D:7)
  A howler monkey (D:5)
  2 orc priests
  A jelly (D:8)
  A hound (D:6)
  6 orc wizards (D:6)
  A bullfrog skeleton (D:6)
  Ijyb (D:3)
  6 worker ants
  A killer bee zombie (D:7)
  A hound zombie (D:8)
  2 hound skeletons
  Robin (D:2)
  4 gnolls (D:4)
  12 adders
  An ufetubus (D:8)
  5 oozes
  4 adder skeletons
  7 dart slugs
  4 leopard geckos
  25 orcs
  7 giant cockroaches
  22 goblins
  12 hobgoblins
  19 jackals
  6 kobolds
  3 quokkas
  4 ball pythons
  2 bats (D:3)
  4 frilled lizards
  A jackal skeleton (D:8)
  A jackal zombie (D:6)
  A leopard gecko skeleton (D:7)
  A quokka zombie (D:7)
  7 rats
196 creatures vanquished.

Vanquished Creatures (collateral kills)
  2 foxfires
2 creatures vanquished.

Vanquished Creatures (others)
  1140 foxfires
1140 creatures vanquished.

Grand Total: 1338 creatures vanquished

Notes
Turn   | Place    | Note
-------+----------+-------------------------------------------
     0 | D:1      | Descartes the Deep Elf Fire Elementalist began the quest
                  | for the Orb.
     0 | D:1      | Reached XP level 1. HP: 10/10 MP: 6/6
   307 | D:1      | Reached XP level 2. HP: 15/15 MP: 0/8
   856 | D:1      | Reached XP level 3. HP: 18/19 MP: 4/9
   860 | D:1      | Learned a level 3 spell: Conjure Flame
   864 | D:1      | Learned a level 3 spell: Inner Flame
  1761 | D:2      | Reached skill level 4 in Fire Magic
  1997 | D:2      | Reached XP level 4. HP: 24/24 MP: 6/11
  2232 | D:2      | Found a snail-covered altar of Cheibriados.
  2361 | D:2      | Noticed Robin
  2855 | D:2      | Killed Robin
  3342 | D:3      | Reached XP level 5. HP: 28/28 MP: 5/12
  4223 | D:3      | Learned a level 4 spell: Sticky Flame
  4264 | D:3      | Noticed Ijyb
  4682 | D:3      | Killed Ijyb
  4683 | D:3      | Reached XP level 6. HP: 32/32 MP: 9/14
  5170 | D:4      | Reached skill level 5 in Fire Magic
  5415 | D:4      | Found a runed translucent gate.
  5416 | D:4      | Found a runed translucent gate.
  5419 | D:4      | Found a runed translucent gate.
  5728 | D:4      | Noticed a vampire
  5853 | D:4      | Reached XP level 7. HP: 36/36 MP: 6/15
  5954 | D:4      | Noticed einarkeyser's ghost (amateur OgWz)
  6192 | D:4      | Found a burning altar of Makhleb.
  6247 | D:5      | Entered Level 5 of the Dungeon
  6570 | D:5      | Found an ornate altar of the Wu Jian Council.
  6627 | D:5      | Noticed a spectral centipede
  6627 | D:5      | Noticed a spectral black mamba
  6627 | D:5      | Noticed a spectral cane toad
  6684 | D:5      | Found a transporter.
  6686 | D:5      | Noticed akumoriri's ghost (novice GnFi)
  6687 | D:5      | Found a transporter.
  6804 | D:5      | Got a dazzling kite shield
  7044 | D:6      | Reached skill level 6 in Fire Magic
  7056 | D:6      | Reached skill level 5 in Spellcasting
  7141 | D:6      | Reached skill level 5 in Conjurations
  7298 | D:6      | Reached skill level 5 in Stealth
  7458 | D:6      | Reached skill level 1 in Shields
  7458 | D:6      | Reached XP level 8. HP: 41/41 MP: 9/17
  7563 | D:6      | Found a staircase to the Ecumenical Temple.
  7569 | Temple   | Entered the Ecumenical Temple
  7648 | Temple   | Became a worshipper of Vehumet
  7739 | D:6      | Reached skill level 5 in Dodging
  8124 | D:6      | Reached skill level 7 in Fire Magic
  8672 | D:6      | Identified the +0 kite shield of Love and Death {*Slow
                  | rElec Will- Str+8} (You found it on level 5 of the Dungeon)
  8762 | D:7      | Found Naheroaluw's General Store.
  8782 | D:7      | Learned a level 5 spell: Fireball
  8784 | D:7      | Learned a level 1 spell: Apportation
  8791 | D:7      | Bought a potion of curing for 33 gold pieces
  8791 | D:7      | Bought a scroll of random uselessness for 11 gold pieces
  9165 | D:7      | Found an opulent altar of Gozag.
  9778 | D:8      | Found a blossoming altar of Fedhas.
  9794 | D:8      | Reached skill level 8 in Fire Magic
  9794 | D:8      | Reached XP level 9. HP: 45/45 MP: 9/18
  9983 | D:8      | Found a shadowy altar of Dithmenos.
 10162 | D:8      | Found the +7 captain's cutlass {speed, disarm}
 10367 | D:8      | Noticed an orc sorcerer
 10384 | D:8      | Killed from afar by an orc sorcerer

Illustrated notes

Levels and vault maps discovered:
D:1:      minmay_arrival_stair_chambers, layout_basic, hangedman_decor_growths
D:2:      layout_rooms, cheibriados_altar_1, uniq_robin
D:3:      kennysheep_slugbush, layout_rooms, uniq_ijyb
D:4:      layout_cave_pools, general_overflow_altar, gammafunk_ghost_split,
          moated_statue
D:5:      layout_cave_pools, pdpol_wu_jian_five_deadly_venoms,
          gammafunk_ghost_mausoleum
D:6:      layout_gridville, minmay_temple_entry_grid, chequers_jeans
D:7:      layout_rooms, serial_shops, shop,
          nicolae_gozag_cash_rules_everything_around_me
D:8:      minmay_the_grid_four_pointed_star
          [minmay_the_grid_triangle_9x9_zippers_vertical,
          minmay_the_grid_triangle_9x9_shrine,
          minmay_the_grid_triangle_9x9_swiss_cheese,
          minmay_the_grid_triangle_9x9_tough_junction,
          minmay_the_grid_prize_diamond_cup], layout_basic,
          nicolae_overflow_crystal_walls, grunt_dithmenos_shadows, uniq_erica,
          uniq_maurice, uniq_joseph
Temple:   compressed_dpeg_circular_temple

Skill      XL: |  1  2  3  4  5  6  7  8 |
---------------+-------------------------+-----
Conjurations   | 2 3 4 5 7 |  7.5
Stealth        | 3 4 5 |  5.0
Fire Magic     | 4 5 6 8 |  8.3
Dodging        | 3 4 5 |  5.0
Spellcasting   | 4 5 |  5.0
Shields        | 1 3 |  3.9

Action                   |  1- 3 |  4- 6 |  7- 9 || total
-------------------------+-------+-------+-------++-------
 Cast: Foxfire           |   115 |   283 |   326 ||   724
  Use: Scroll            |       |       |     7 ||     7
       Potion            |       |       |     1 ||     1
Armor: Robe              |     2 |     5 |     3 ||    10
Dodge: Dodged            |    16 |    60 |    23 ||    99
Block: Buckler           |       |       |     1 ||     1
       Rpst.: Long sword |       |       |     5 ||     5
